 Dungeon Crawl Stone Soup version 0.24-a0-441-g27f0392e16 (webtiles) character file.

Game seed: 14947134863109140355

10 Iscandelvey the Vexing (level 2, 20/21 HPs)
             Began as a Demonspawn Arcane Marksman on June 19, 2019.
             Quit the game on level 1 of the Dungeon.
             The game lasted 00:00:13 (267 turns).

Iscandelvey the Vexing (Demonspawn Arcane Marksman)  Turns: 267, Time: 00:00:14

Health: 20/21      AC:  2    Str: 10    XL:     2   Next: 10%
Magic:  3/3        EV: 12    Int: 14    God:
Gold:   4          SH:  0    Dex: 13    Spells: 2/3 levels left

rFire    . . .     SeeInvis .   a - +0 hunting sling
rCold    . . .     Gourm    .   (no shield)
rNeg     . . .     Faith    .   e - +0 robe
rPois    .         Spirit   .   (helmet restricted)
rElec    .         Reflect  .   (no cloak)
rCorr    .         Harm     .   (no gloves)
MR       .....                  (no boots)
Stlth    +.........             (no amulet)
HPRegen  0.07/turn              (no ring)
MPRegen  0.08/turn              (no ring)

@: no status effects
A: antennae 1
a: no special abilities


You were on level 1 of the Dungeon.
You were not hungry.

You visited 1 branch of the dungeon, and saw 1 of its levels.

You collected 4 gold pieces.

Inventory:

Hand Weapons
 a - a +0 hunting sling (weapon)
Missiles
 d - 7 sling bullets (quivered)
Armour
 e - a +0 robe (worn)
Scrolls
 b - a scroll of teleportation {unknown}
 c - a scroll of remove curse {unknown}
Comestibles
 f - a ration


   Skills:
 + Level 1.0 Fighting
 + Level 2.1 Slings
 + Level 2.0 Dodging
 + Level 1.0 Spellcasting
 + Level 3.2 Hexes


You had 2 spell levels left.
You knew the following spells:

 Your Spells              Type           Power        Failure   Level  Hunger
a - Corona                Hex            #......      7%          1    ##.....

Your spell library contained the following spells:

 Spells                   Type           Power        Failure   Level  Hunger
 Slow                     Hex            #.......     11%         2    ###....
 Inner Flame              Hex/Fire       #.......     38%         3    ####...
 Portal Projectile        Hex/Tloc       #.....       38%         3    ####...
 Cause Fear               Hex            #.........   56%         4    #####..
 Leda's Liquefaction      Hex/Erth       #.........   80%         4    #####..


Dungeon Overview and Level Annotations

Branches:
Dungeon (1/15)

Altars:


Innate Abilities, Weirdness & Mutations

You have a pair of small antennae on your head.


Message History

You kill the hobgoblin!
Your Dodging skill increases to level 2!
An ooze is nearby!
Firing (i - inventory)
d - 9 sling bullets (quivered)
Press: ? - help, Shift-Dir - straight line, f - ooze
Aim: an ooze (almost dead)
You shoot a sling bullet. The sling bullet hits the ooze.
The ooze is almost dead.
The ooze hits you.
An ooze is nearby!
Firing (i - inventory)
d - 8 sling bullets (quivered)
Press: ? - help, Shift-Dir - straight line, f/p - ooze
Aim: an ooze (almost dead)
You shoot a sling bullet. The sling bullet hits the ooze.
You kill the ooze!
Your Slings skill increases to level 2!
You have reached level 2!
Your demonic ancestry asserts itself...
A pair of antennae grows on your head!
Are you sure you want to abandon this character and quit the game? (Confirm with "yes".)

######### #.......####
#..........#
#..........# .
#..........# (((
#####......#
....(###########......##
....(.)@................
###..#########.........#
# #....####.# #§...# #..
≈≈≈§##### ##. ...≈....#
#. ##.≈≈≈≈.### #.
.....≈...#.#.
########.§≈≈.#.#.


There were no monsters in sight!

Vanquished Creatures
  An ooze (D:1)
  2 goblins (D:1)
  A hobgoblin (D:1)
  A bat (D:1)
  A kobold (D:1)
6 creatures vanquished.

Notes
Turn   | Place    | Note
-------+----------+-------------------------------------------
     0 | D:1      | Iscandelvey the Demonspawn Arcane Marksman began the quest
                  | for the Orb.
     0 | D:1      | Reached XP level 1. HP: 15/15 MP: 2/2
   266 | D:1      | Gained mutation: You have a pair of small antennae on your
                  | head. [demonic ancestry]
   266 | D:1      | Reached XP level 2. HP: 20/21 MP: 3/3
   267 | D:1      | Quit the game

Levels and vault maps discovered:
D:1:      psy_arrival_radial02, layout_basic

Skill      XL: |  1 |
---------------+----+-----
Dodging        | 2 |  2.0
Slings         | 2 |  2.1
Fighting       | |  1.0
Spellcasting   | |  1.0
Hexes          | |  3.2

Action                   || total
-------------------------++-------
 Fire: Hunting sling     ||    35
Armor: Robe              ||     6
Dodge: Dodged            ||    12

Table legend:
 A = Non-vault XP
 B = Vault XP
 C = Vault XP percentage of total XP
 D = Non-vault monster count
 E = Vault monster count
 F = Vault count percentage of total count
                 A         B        C        D         E       F
            +---------+---------+-------+---------+---------+-------
      Total |      15 |       0 |   0.0 |       6 |       0 |   0.0
            +---------+---------+-------+---------+---------+-------
        D:1 |      15 |       0 |   0.0 |       6 |       0 |   0.0
            +---------+---------+-------+---------+---------+-------
